Map: Tourmaline LE

Players

Geralt (Gerald)

  • Race: Protoss Protoss
  • League: Grandmaster
  • Spawn Location: 1:00

ratgameplay (uThermal) - Winner!

  • Race: Terran Terran
  • League: Master
  • Spawn Location: 7:00

VOD

Have the link to the VOD?

Description

Time

  • Played on: Jan. 30, 2026, 8:57 a.m.
  • Length: 13:04
Show
View Real Time Build Order
Export as new Build Order

Geralt Protoss 

Build Orders: Blink Stalkers 

Get SALT Encoding   

  12  0:00  Probe  
  13  0:12  Probe  
  14  0:17  Pylon  
  14  0:23  Probe  
  15  0:32  Probe  
  15  0:37  Gateway  
  15  0:40  Probe  
  16  0:47  Assimilator  
  17  0:51  Probe  
  18  1:03  Probe  
  19  1:15  Probe  
  20  1:25  Cybernetics Core  
  20  1:27  Probe  
  21  1:39  Probe  
  22  1:47  Nexus  
  22  1:53  Pylon  
  23  1:56  Probe  
  23  1:57  Assimilator  
  23  2:00  Stalker  
  23  2:06  Warp Gate  
  22  2:13  Probe  
  25  2:19  Adept  
  25  2:25  Probe  
  28  2:37  Probe  
  28  2:39  Twilight Council  
  29  2:48  Shield Battery  
  29  2:49  Probe  
  30  2:55  Stalker  
  32  2:59  Blink, Probe  
  32  3:01  Probe  
  34  3:11  Probe  
  35  3:13  Gateway, Probe  
  36  3:24  Probe  
  37  3:33  Probe  
  36  3:36  Probe  
  36  3:40  Gateway  
  37  3:45  Probe  
  37  3:48  Probe  
  39  3:53  Sentry  
  41  3:57  Pylon, Probe  
  41  4:00  Probe  
  43  4:09  Nexus, Probe  
  44  4:10  Stalker  
  44  4:15  Probe  
  45  4:20  Stalker  
  45  4:21  Probe  
  48  4:27  Probe  
  48  4:31  Robotics Facility  
  49  4:33  Probe  
  49  4:35  Stalker  
  52  4:40  Shield Battery  
  52  4:41  Probe  
  52  4:42  Assimilator  
  53  4:45  Pylon  
  53  4:49  Probe  
  53  4:52  Charge  
  54  4:55  Pylon  
  54  5:03  Shield Battery, Probe x2  
  54  5:05  Stalker x2  
  60  5:10  Assimilator  
  60  5:15  Probe x2  
  62  5:25  Observer  
  62  5:26  Probe  
  62  5:27  Probe  
  64  5:29  Probe  
  64  5:35  Templar Archives, Forge  
  66  5:38  Probe  
  66  5:40  Probe  
  66  5:41  Probe  
  69  5:44  Observer  
  70  5:50  Probe  
  70  5:52  Probe  
  70  5:53  Zealot x2  
  70  5:54  Zealot, Psionic Storm, Protoss Ground Armor Level 1  
  70  5:55  Pylon  
  78  5:59  Probe  
  78  6:02  Probe  
  80  6:05  Gateway x2  
  80  6:10  Probe  
  81  6:12  Gateway  
  81  6:16  Probe  
  82  6:19  Zealot x3  
  82  6:22  Pylon  
  88  6:26  Probe  
  88  6:30  Gateway  
  88  6:31  Probe  
  90  6:38  Probe, Observer  
  90  6:39  Probe  
  92  6:41  Gateway, High Templar x2  
  92  6:42  Gateway  
  92  6:43  Pylon  
  96  6:48  Probe  
  96  6:50  Probe, Gateway  
  96  6:52  Pylon, Zealot  
  100  6:55  Assimilator  
  100  7:03  Zealot x2  
  104  7:11  Nexus  
  104  7:13  Pylon  
  104  7:21  Probe  
  104  7:22  High Templar, Zealot  
  107  7:23  Zealot  
  107  7:24  Immortal  
  107  7:28  High Templar, Zealot x3  
  111  7:30  Pylon  
  111  7:33  Shield Battery  
  111  7:36  Zealot  
  117  7:43  Pylon  
  117  7:44  Pylon  
  117  7:59  Zealot x4  
  117  8:05  Zealot x6  
  122  8:17  Probe  
  110  8:20  Probe  
  110  8:22  Stalker x4  
  117  8:30  Probe x2  
  119  8:34  Zealot x4  
  127  8:45  High Templar x2  
  127  8:48  Probe  
  131  8:50  High Templar x2, Zealot x2  
  139  8:57  Pylon  
  139  8:58  Nexus  
  139  8:59  Pylon  
  139  9:10  Stalker  
  139  9:16  Zealot x4  
  142  9:29  Stalker x5  
  148  9:32  Probe  
  149  9:44  Photon Cannon  
  149  9:46  Shield Battery  
  149  9:52  Robotics Bay  
  149  9:54  Gateway  
  149  9:55  Probe x2  
  149  9:57  Probe  
  144  10:02  Archon  
  144  10:05  Zealot  
  144  10:06  Zealot  
  148  10:09  Warp Prism  
  142  10:15  Probe  
  142  10:18  Zealot x4  
  121  10:36  Archon x2  
  121  10:39  Zealot x9  
  121  10:41  Probe  
  116  10:43  Colossus  
  116  10:44  Probe x2  
  116  10:48  Probe  
  107  10:53  Probe  
  107  10:56  Probe x2  
  110  11:00  High Templar x7, Probe  
  110  11:01  Stalker x2  
  131  11:04  Archon  
  131  11:05  Probe  
  131  11:06  Archon  
  131  11:08  Probe, Zealot  
  131  11:09  Probe  
  122  11:25  Probe  
  122  11:29  Stalker x3  
  122  11:32  Colossus  
  129  11:35  Probe  
  130  11:42  High Templar x2  
  130  11:43  Zealot x5  
  150  11:51  Photon Cannon  
  150  11:52  Pylon  
  150  11:54  Pylon  
  150  11:55  Nexus  
  150  11:57  Zealot x3  
  148  12:11  Stalker  
  148  12:12  Zealot  
  148  12:13  Zealot x3  
  154  12:21  Probe  
  149  12:26  Probe  
  142  12:30  Zealot x4  
  142  12:31  Zealot  
  142  12:32  Probe  
  141  12:39  Archon x2  
  141  12:41  Zealot x5  
  141  12:42  Probe  
  129  12:48  Probe  
Show
View Real Time Build Order
Export as new Build Order

ratgameplay Terran - Winner!

Build Orders: Reaper Expand 

Get SALT Encoding   

  12  0:00  SCV  
  13  0:12  SCV  
  14  0:19  Supply Depot  
  14  0:24  SCV  
  15  0:40  SCV  
  15  0:41  Barracks  
  16  0:44  Refinery  
  16  0:52  SCV  
  17  1:04  SCV  
  18  1:17  SCV  
  19  1:29  Reaper  
  19  1:30  Orbital Command  
  20  1:46  Command Center  
  20  1:57  SCV  
  20  2:01  Marine  
  20  2:03  Supply Depot  
  21  2:09  SCV  
  21  2:14  Factory  
  22  2:22  Barracks Reactor  
  22  2:25  SCV  
  22  2:28  Bunker  
  23  2:31  Refinery  
  23  2:38  SCV  
  24  2:50  SCV  
  25  2:55  Engineering Bay  
  25  2:56  Engineering Bay  
  25  3:00  Factory Tech Lab  
  25  3:03  Marine x2  
  27  3:10  Orbital Command  
  25  3:14  SCV  
  26  3:30  Marine, SCV  
  28  3:36  SCV  
  28  3:37  Terran Infantry Weapons Level 1, Terran Infantry Armor Level 1  
  29  3:44  SCV  
  29  3:47  Barracks  
  30  3:48  SCV  
  31  3:56  Barracks, SCV  
  31  3:59  Marine  
  31  4:00  Marine, SCV  
  31  4:01  Factory Tech Lab  
  35  4:09  SCV  
  36  4:12  SCV  
  36  4:19  Marine x2  
  36  4:21  SCV  
  39  4:24  SCV  
  39  4:26  Supply Depot  
  40  4:33  SCV, Marine, Stimpack  
  40  4:37  SCV  
  43  4:40  Marine x2  
  43  4:45  SCV  
  46  4:46  Armory  
  46  4:48  Refinery  
  46  4:49  SCV  
  46  4:50  Marine  
  48  4:54  Supply Depot  
  48  4:55  Marauder, Refinery  
  48  4:57  SCV  
  51  5:00  Marine x2  
  51  5:02  SCV  
  51  5:05  Starport  
  51  5:06  Factory Reactor  
  54  5:16  SCV, Marine x2  
  54  5:18  Marine, SCV  
  54  5:20  Marine  
  60  5:23  Supply Depot  
  60  5:28  SCV  
  61  5:30  SCV  
  61  5:32  Terran Infantry Weapons Level 2, Terran Infantry Armor Level 2  
  61  5:34  Combat Shield  
  62  5:45  Marine x4, SCV x2  
  62  5:47  Supply Depot  
  68  5:51  Supply Depot  
  68  5:56  Factory Reactor  
  68  5:58  SCV x2  
  70  6:05  Marine  
  70  6:09  Marine x3, Medivac x2  
  77  6:13  Concussive Shells  
  77  6:14  Supply Depot  
  77  6:15  SCV  
  77  6:16  SCV  
  79  6:23  Marine  
  80  6:28  Command Center  
  80  6:30  Marauder  
  80  6:31  Marine  
  83  6:35  Marauder  
  83  6:39  Medivac x2  
  89  6:41  Marine  
  90  6:48  Supply Depot x2, Marine  
  90  6:50  Widow Mine  
  93  7:07  Barracks, Marine  
  94  7:08  Barracks  
  94  7:09  Marauder  
  94  7:10  Marauder, Widow Mine  
  94  7:11  Widow Mine  
  94  7:14  Supply Depot  
  102  7:18  Medivac x2  
  106  7:23  SCV, Supply Depot  
  106  7:27  SCV  
  106  7:28  Marine x2  
  110  7:36  Marauder x2, Widow Mine x2  
  118  7:40  Supply Depot  
  118  7:41  Supply Depot  
  118  7:42  SCV  
  119  7:45  Marine  
  119  7:47  Marine  
  119  7:48  SCV  
  122  7:55  SCV  
  122  7:58  Marauder  
  125  8:02  Medivac x2  
  125  8:08  Marine  
  125  8:09  Marauder  
  121  8:14  Marine  
  121  8:19  Marauder  
  119  8:20  Barracks Tech Lab, Barracks Reactor  
  119  8:21  SCV  
  119  8:23  SCV  
  119  8:26  Marine  
  118  8:29  Widow Mine  
  118  8:30  Marauder  
  118  8:32  Medivac x2, Marine  
  118  8:33  SCV  
  125  8:44  Planetary Fortress  
  125  8:45  SCV  
  125  8:47  Marine, Marauder  
  127  8:53  Terran Infantry Weapons Level 3  
  127  8:57  Marine x3  
  127  8:58  Marauder  
  127  9:01  Medivac  
  127  9:02  Medivac  
  130  9:05  Marine, Missile Turret  
  130  9:06  Marauder  
  129  9:10  Widow Mine x2  
  129  9:14  Marine  
  131  9:20  Marauder  
  131  9:21  Marine  
  128  9:27  Marauder  
  128  9:31  Marine, Medivac  
  127  9:32  SCV  
  127  9:33  Marauder  
  127  9:35  Medivac  
  127  9:37  SCV  
  131  9:39  Terran Infantry Armor Level 3  
  131  9:40  Marine x2  
  131  9:41  SCV  
  131  9:44  SCV  
  134  9:51  Widow Mine  
  134  9:52  Widow Mine  
  138  9:53  Marine  
  138  9:59  Command Center  
  139  10:01  Medivac  
  139  10:04  Marine, Marauder  
  141  10:09  Marine  
  141  10:10  Marauder  
  141  10:11  Medivac  
  141  10:12  Widow Mine  
  146  10:15  Marine, Marauder  
  146  10:17  Marine  
  136  10:22  Marine  
  136  10:26  Marauder  
  136  10:27  Marine  
  140  10:31  Marauder  
  140  10:32  Marine  
  125  10:36  SCV  
  125  10:37  Marauder, SCV, Marine  
  125  10:41  Marine  
  117  10:43  SCV  
  117  10:44  Marine  
  117  10:47  Marauder  
  118  10:50  SCV x2, Marine  
  118  10:53  Marine  
  122  10:59  SCV  
  122  11:01  Widow Mine  
  122  11:03  Widow Mine  
  127  11:06  SCV  
  128  11:14  Marine  
  128  11:15  Marauder  
  131  11:21  Marine  
  131  11:22  Marauder, Widow Mine  
  131  11:24  Marine, Marauder  
  135  11:27  Planetary Fortress  
  135  11:29  SCV  
  135  11:30  SCV  
  135  11:32  SCV  
  138  11:36  Marauder  
  138  11:37  Marine  
  138  11:39  Marine  
  142  11:41  SCV, Marine  
  142  11:43  Marauder, SCV  
  142  11:44  SCV  
  142  11:46  Marauder  
  150  11:48  Widow Mine  
  150  11:53  Marine  
  153  11:55  Marine  
  153  11:58  Marauder, SCV  
  153  12:00  SCV  
  158  12:05  Marine, Marauder  
  160  12:09  SCV  
  158  12:18  Marine  
  158  12:19  Marauder x2, Marine  
  158  12:22  Supply Depot  
  161  12:24  Supply Depot  
  161  12:29  Marine x2  
  163  12:30  Marauder  
  155  12:40  Marauder  
  155  12:42  Marine  
Tags
 
Add a new tag
Caveats
  • Supply blocks, unpowered buildings, or Contaminate may cause inaccurate times.
  • Supply counts are checked every 10 seconds.